 Dungeon Crawl Stone Soup version 0.30-a0-585-g93115170b9 (webtiles) character file.

Game seed: 6288392014159073372

154005 Bnni the Marksant (level 18, -27/143 HPs)
             Began as a Formicid Hexslinger on Jan 2, 2023.
             Was a High Priest of Okawaru.
             Annihilated by Donald
             ... wielding a +2 demon trident of venom
              (37 damage)
             ... on level 1 of the Swamp.
             The game lasted 01:25:55 (31811 turns).

Bnni the Marksant (Formicid Hexslinger)            Turns: 31811, Time: 01:25:56

Health: -27/143    AC: 13    Str: 13    XL:     18   Next: 24%
Magic:  28/36      EV: 14    Int: 17    God:    Okawaru [*****.]
Gold:   2086       SH: 36    Dex: 24    Spells: 7/25 levels left

rFire   + + .      SeeInvis +    a - +3 longbow (flame)
rCold   + + +      Faith    .    U - +18 shield of the Gong {rElec rN+ Will+ EV-5}
rNeg    + . .      Spirit   .    N - +0 acid dragon scales
rPois   +          Reflect  .    (helmet unavailable)
rElec   +          Harm     .    q - +0 cloak of Resilience {rF++ rC+++}
rCorr   +          Rampage  .    T - +0 pair of gloves "Cinn" {rElec rPois Will++ Str-2}
Will    ++++.                    w - +0 pair of boots
Stlth   +++                      L - amulet of magic regeneration
HPRegen 0.43/turn                l - +6 ring of dexterity
MPRegen 0.65/turn                H - ring of magical power

@: heroic, portalling projectiles, studying 2 skills
A: permanent stasis, dig shafts and tunnels, antennae 3, four strong arms
a: Dig, Shaft Self, Renounce Religion, Heroism, Finesse, Duel


You were on level 1 of the Swamp.
You worshipped Okawaru.
Okawaru was extremely pleased with you.
You visited 4 branches of the dungeon, and saw 22 of its levels.
You also visited: Sewer, Bailey and Ice Cave.

You collected 2534 gold pieces.
You spent 448 gold pieces at shops.

Inventory:

Hand Weapons
 a - a +3 longbow of flaming (weapon)
 o - a +2 longbow of freezing
 R - the +9 battleaxe of Trauma {flame, Fragile MP+9 Int+6 Stlth+}
   (You found it on level 11 of the Dungeon)

   It burns those it strikes, dealing additional fire damage.
   Big, fiery blades are also staple armaments of hydra-hunters.
   Int:       It affects your intelligence (+6).
   MP:        It affects your magic capacity (+9).
   Fragile:   It will be destroyed if unequipped.
   Stlth:     It makes you more stealthy.
Missiles
 n - 4 curare-tipped darts
Armour
 q - the +0 cloak of Resilience (worn) {rF++ rC+++}
   (You found it on level 13 of the Dungeon)

   rF:        It greatly protects you from fire.
   rC:        It renders you almost immune to cold.
 w - a +0 pair of boots (worn)
 N - +0 acid dragon scales (worn)
 T - the +0 pair of gloves "Cinn" (worn) {rElec rPois Will++ Str-2}
   (Okawaru gifted it to you on level 2 of the Lair of Beasts)

   Str:       It affects your strength (-2).
   rElec:     It insulates you from electricity.
   rPois:     It protects you from poison.
   Will:      It greatly increases your willpower.
 U - the +18 shield of the Gong (worn) {rElec rN+ Will+ EV-5}
   (You found it on level 11 of the Dungeon)

   It is deafeningly noisy when blocking attacks.
   EV:        It affects your evasion (-5).
   rElec:     It insulates you from electricity.
   rN:        It protects you from negative energy.
   Will:      It increases your willpower.
Jewellery
 l - a +6 ring of dexterity (left hand)
 H - a ring of magical power (right hand)
 L - an amulet of magic regeneration (around neck)
Wands
 c - a wand of iceblast (14)
 m - a wand of paralysis (20)
 p - a wand of polymorph (11)
 r - a wand of flame (39)
 I - a wand of acid (5)
 K - a wand of mindburst (19)
 P - a wand of digging (18)
Scrolls
 b - 7 scrolls of poison
 g - 4 scrolls of enchant weapon {unknown}
 j - 3 scrolls of magic mapping {unknown}
 k - a scroll of summoning {unknown}
 s - 4 scrolls of fog
 u - 3 scrolls of immolation
 y - 4 scrolls of amnesia
 A - 2 scrolls of vulnerability
 D - 3 scrolls of silence {unknown}
 E - a scroll of torment
 G - a scroll of brand weapon {unknown}
 O - 2 scrolls of fear
 S - 2 scrolls of enchant armour
Potions
 d - 7 potions of mutation
 f - 9 potions of lignification {unknown}
 h - 5 potions of curing
 i - 3 potions of might
 t - a potion of cancellation
 v - 6 potions of brilliance
 z - a potion of ambrosia {unknown}
 B - a potion of attraction {unknown}
 C - 2 potions of flight {unknown}
 F - a potion of magic {unknown}
 J - 2 potions of invisibility {unknown}
 M - 3 potions of resistance {unknown}
Miscellaneous
 e - a phial of floods (inert)
 x - a tin of tremorstones (2/2)


   Skills:
 + Level 13.3(18.3) Fighting
 * Level 18.9(23.9) Ranged Weapons
 + Level 7.2(12.2) Armour
 - Level 5.0(10.0) Dodging
 + Level 16.0(21.0) Shields
 - Level 4.0 Spellcasting
 - Level 9.0 Hexes
 - Level 3.0 Translocations
 * Level 3.3 Transmutations
 - Level 3.0 Fire Magic
 - Level 13.0 Invocations


You had 7 spell levels left.
You knew the following spells:

 Your Spells              Type           Power      Damage    Failure   Level
a - Slow                  Hex            100%       N/A       1%          1
b - Inner Flame           Hex/Fire       23%        N/A       7%          3
c - Portal Projectile     Hex/Tloc       46%        N/A       7%          3
d - Cause Fear            Hex            17%        N/A       6%          4
i - Yara's Violent Unrav  Hex/Tmut       12%        3d7       50%         5
w - Wereblood             Tmut           14%        N/A       10%         2

Your spell library contained the following spells:

 Spells                   Type           Power      Damage    Failure   Level
 Apportation              Tloc           26%        N/A       8%          1
 Gell's Gravitas          Tloc           13%        N/A       22%         3
 Lesser Beckoning         Tloc           26%        N/A       22%         3
 Teleport Other           Tloc           13%        N/A       22%         3
 Magic Dart               Conj           12%        1d3       26%         1
 Necrotise                Necr           12%        1d4       26%         1
 Ignite Poison            Fire/Tmut/Pois 10%        N/A       32%         3
 Kindle Blastsparks       Fire/Tloc/Air  20%        2d11      34%         3
 Sublimation of Blood     Necr           3%         N/A       36%         2
 Passage of Golubria      Tloc           13%        N/A       58%         4
 Mephitic Cloud           Conj/Pois/Air  3%         N/A       61%         3
 Vampiric Draining        Necr           3%         2d6       61%         3
 Petrify                  Tmut/Erth      9%         N/A       78%         4
 Flame Wave               Conj/Fire      8%         2d5       80%         4
 Sticky Flame             Conj/Fire      8%         2d3       80%         4
 Blade Hands              Tmut           7%         N/A       88%         5
 Fireball                 Conj/Fire      4%         3d4       98%         5
 Irradiate                Conj/Tmut      4%         3d13      98%         5
 Agony                    Necr           3%         N/A       100%        5
 Freezing Cloud           Conj/Ice/Air   1%         6-21      100%        5
 Iskenderun's Battlesphe  Conj           3%         2d6       100%        5
 Conjure Ball Lightning   Conj/Air       1%         3x3d6     100%        6
 Eringya's Noxious Bog    Tmut/Pois      4%         N/A       100%        6
 Iron Shot                Conj/Erth      1%         9d1       100%        6
 Orb of Destruction       Conj           1%         9d5       100%        7
 Ignition                 Fire           6%         3d4       100%        8
 Tukima's Dance           Hex            Unusable   N/A       N/A         3
 Summon Small Mammal      Summ           Unusable   N/A       N/A         1
 Call Imp                 Summ           Unusable   N/A       N/A         2
 Animate Armour           Summ/Erth      Unusable   N/A       N/A         4
 Animate Dead             Necr           Unusable   N/A       N/A         4
 Summon Forest            Summ/Tloc      Unusable   N/A       N/A         5
 Summon Hydra             Summ           Unusable   N/A       N/A         7

Dungeon Overview and Level Annotations

Branches:
Dungeon (14/15)            Temple (0/1) D:6            Lair (5/5) D:11
  Swamp (1/4) Lair:3       Spider (0/4) Lair:2        Slime (0/5) Lair:5
    Orc (2/2) D:9             Elf (0/3) Orc:2        Vaults (0/5) D:14
  Sewer (visited)          Bailey (visited)           IceCv (visited)

Altars:
Ashenzari
Dithmenos
Elyvilon
Hepliaklqana
Kikubaaqudgha
Okawaru
Qazlal
Ru
Sif Muna
Trog
Uskayaw
Vehumet
Xom
Yredelemnul
The Shining One

Shops:
D:14 =   Orc:2 :**(

Annotations:
Swamp:1 Donald


Innate Abilities, Weirdness & Mutations

You cannot be hasted, slowed, berserked, paralysed or teleported.
You can dig through walls and to a lower floor.
You have a pair of large antennae on your head. (SInv)
Your four strong arms can wield two-handed weapons with a shield.


Message History

Donald hits you from afar with a +2 demon trident of venom!!
* * * LOW HITPOINT WARNING * * *
You are lethally poisoned!
You block Donald's attack.
SHROANNG!
You feel better. Donald completely misses you.
Okay, then.
Casting: Portal Projectile (mildly dangerous; 7% risk of failure)
Confirm with . or Enter, or press ? or * to list all spells.
Casting: Cause Fear (mildly dangerous; 6% risk of failure)
Press: ? - help, Dir - look around, f - activate Look: Donald, wielding a +2 demon trident of venom, wearing a +0 chain mail and wearing a +0 kite shield of cold resistance (thin mist, almost dead, fast, strong, chance to affect: 10%)
Okay, then.
Unknown command.
Press: ? - help, v - describe, . - travel
Here: Donald, wielding a +2 demon trident of venom, wearing a +0 chain mail and wearing a +0 kite shield of cold resistance (thin mist, almost dead, fast, strong) Some shallow water.
Unknown command.
Unknown command.
Aim the phial where?
Press: ? - help, Shift-Dir - straight line, f/p - Donald
Aim: Donald, wielding a +2 demon trident of venom, wearing a +0 chain mail and wearing a +0 kite shield of cold resistance (thin mist, almost dead, fast, strong) Donald blocks the torrent of water.
The wave splashes down.
Donald says, "Oh, hey!
I could use a new shield.
Have you got any spares?" You block Donald's attack.
SHROANNG!
You block Donald's attack.
GONNNNG!
Casting: Cause Fear (mildly dangerous; 6% risk of failure)
Confirm with . or Enter, or press ? or * to list all spells.
You begin teleporting projectiles to their destination.
You block Donald's attack.
BOUMMMMG!
Fire: a) +3 longbow (flame)
Press: ? - help, Shift-Dir - straight line, f/p - Donald
Aim: Donald, wielding a +2 demon trident of venom, wearing a +0 chain mail and wearing a +0 kite shield of cold resistance (almost dead, fast, strong, 86% to hit)
You magically shoot an arrow.
The arrow hits Donald!
The arrow burns Donald.
Donald is almost dead.
Donald hits you from afar with a +2 demon trident of venom!!!
You die...

.....~~ ♣♣
..~...~ ♣♣♣.
.....~~ ♣[..
...~~~~ ♣♣.~.
~~...§§ ♣♣♣~~~†
~@~...~
~...~..♣~~~.~.~
~.~~~~~@.♣
~.~~~~.♣.~~~♣
....~.. §~~~~~~
.§~~♣♣♣ ♣♣♣.~..
♣.> .~. ♣[ ~~ ♣
.


You could see Donald (fast, strong).

Vanquished Creatures
  Rupert (Lair:5)
  An ironbound preserver (D:13)
  The ghost of Gargoyl the Severer, a journeyman GrBe of Trog (Orc:1)
  Nessos (Lair:5)
  A reaper (IceCv)
  A dire elephant (Lair:5)
  An eleionoma (Lair:3)
  The ghost of Etreokin the Covert, a journeyman KoEn of Dithmenos (Lair:4)
  Erolcha (D:9)
  2 vault guards (Bailey)
  A catoblepas (D:13)
  7 hydras
  An ogre mage (D:10)
  A death knight (D:10)
  3 centaur warriors (D:14)
  6 two-headed ogres
  An alligator (Lair:3)
  5 boulder beetles
  5 orc high priests
  18 death yaks
  Sonja (Lair:5)
  A fire crab (Lair:5)
  Amaemon (D:9)
  A goliath frog (Swamp:1)
  A lindwurm (Lair:5)
  3 bog bodies
  10 orc knights
  An obsidian statue (D:12)
  5 deep elf pyromancers
  9 ugly things
  A will-o-the-wisp (Swamp:1)
  2 wolf spiders (Lair:5)
  2 orc sorcerers (Orc:1)
  4 cyclopes
  Maurice (D:11)
  11 black mambas
  2 vault sentinels (D:11)
  A guardian serpent (Lair:5)
  An orange demon (D:9)
  2 ice statues (IceCv)
  2 gargoyles
  14 cane toads
  2 elephants (Lair:5)
  2 unseen horrors (D:11)
  Maggie (D:7)
  7 komodo dragons
  3 rime drakes (Lair:5)
  A yaktaur (shapeshifter) (D:13)
  Psyche (D:11)
  3 kobold demonologists
  An anaconda simulacrum (IceCv)
  3 efreet
  6 ice devils (IceCv)
  6 trolls
  3 polar bears
  Prince Ribbit (Bailey)
  2 hornets (Lair:5)
  7 blink frogs
  3 dream sheep (Lair:5)
  A centaur simulacrum (D:14)
  10 slime creatures
  2 shadows (D:13)
  5 wraiths
  70 yaks
  4 water elementals (D:12)
  4 humans (Bailey)
  4 dire elephant simulacra (IceCv)
  4 basilisks
  14 wyverns
  3 wargs
  Edmund (D:5)
  2 acid dragons (D:10)
  A harpy simulacrum (IceCv)
  3 vampire mosquitoes (D:14)
  4 hydra simulacra (IceCv)
  3 swamp worms (Swamp:1)
  30 water moccasins
  Duvessa (D:6)
  3 black bears
  37 orc warriors
  An ice beast (D:5)
  6 ogres
  10 wolves
  10 centaurs
  A phantom (D:5)
  3 kobold brigands
  17 bullfrogs
  8 necrophages
  6 scorpions
  A cane toad simulacrum (IceCv)
  A two-headed ogre simulacrum (IceCv)
  10 wights
  Dowan (D:6)
  6 killer bees (D:8)
  8 electric eels (D:12)
  10 howler monkeys
  5 jellies
  3 hounds
  31 orc priests
  3 gnoll boudas
  Ijyb (D:3)
  Natasha (thrice) (D:2)
  10 iguanas
  20 orc wizards
  A statue (D:7)
  Robin (D:3)
  5 gnolls
  6 adders
  A shadow imp (D:6)
  4 white imps
  An ufetubus (IceCv)
  3 worms
  4 dart slugs
  90 orcs
  7 ball pythons
  9 endoplasms
  8 giant cockroaches
  13 goblins
  7 hobgoblins
  5 jackals
  17 kobolds
  6 quokkas
  5 bats
  3 frilled lizards (D:3)
  A rat (D:1)
765 creatures vanquished.

Vanquished Creatures (others)
  A bloated husk (Swamp:1)
  An orc (D:12)
  56 fungi
  135 plants
193 creatures vanquished.

Grand Total: 958 creatures vanquished

Notes
Turn   | Place    | Note
-------+----------+-------------------------------------------
     0 | D:1      | Bnni the Formicid Hexslinger began the quest for the Orb.
     0 | D:1      | Reached XP level 1. HP: 15/15 MP: 2/2
   199 | D:1      | Reached XP level 2. HP: 21/21 MP: 3/3
   942 | D:2      | Noticed Natasha
   954 | D:2      | Killed Natasha
   955 | D:2      | Reached XP level 3. HP: 25/26 MP: 0/5
   963 | D:2      | Learned a level 3 spell: Inner Flame
  1030 | D:2      | Reached XP level 4. HP: 32/32 MP: 6/6
  1068 | D:2      | Found a faded altar of an unknown god.
  1269 | D:2      | Noticed Natasha
  1283 | D:2      | Killed Natasha
  1284 | D:2      | Reached skill level 1 in Fire Magic
  1359 | D:2      | Noticed Natasha
  1373 | D:2      | Killed Natasha
  1374 | D:2      | Reached skill level 3 in Ranged Weapons
  1374 | D:2      | Reached skill level 1 in Armour
  1374 | D:2      | Reached XP level 5. HP: 32/38 MP: 7/7
  1835 | D:3      | Noticed Ijyb
  1873 | D:3      | Killed Ijyb
  2106 | D:3      | Noticed Robin
  2152 | D:3      | Killed Robin
  2208 | D:3      | Reached skill level 5 in Hexes
  2208 | D:3      | Reached XP level 6. HP: 32/44 MP: 9/9
  2300 | D:3      | Learned a level 4 spell: Cause Fear
  2689 | D:4      | Noticed an ogre
  2707 | D:4      | Killed an ogre
  2867 | D:4      | Reached XP level 7. HP: 32/51 MP: 10/10
  2970 | D:4      | Learned a level 3 spell: Portal Projectile
  3079 | D:4      | Reached skill level 4 in Ranged Weapons
  3441 | D:4      | Found an iron altar of Okawaru.
  3441 | D:4      | Found a broken altar of Ashenzari.
  3446 | D:4      | Became a worshipper of Warmaster Okawaru
  3787 | D:5      | Entered Level 5 of the Dungeon
  3809 | D:5      | Noticed Edmund
  3853 | D:5      | Killed Edmund
  4039 | D:5      | Reached XP level 8. HP: 58/58 MP: 12/12
  4253 | D:5      | Found an ancient bone altar of Kikubaaqudgha.
  4772 | D:5      | Reached skill level 5 in Ranged Weapons
  5182 | D:5      | Reached * piety under Okawaru
  5796 | D:5      | Reached XP level 9. HP: 50/65 MP: 14/14
  5984 | D:6      | Reached skill level 1 in Invocations
  6037 | D:6      | Found a staircase to the Ecumenical Temple.
  6156 | D:6      | Noticed Duvessa
  6166 | D:6      | Killed Duvessa
  6167 | D:6      | Reached skill level 6 in Ranged Weapons
  6170 | D:6      | Noticed Dowan
  6182 | D:6      | Killed Dowan
  6235 | D:6      | Found a glowing drain.
  6239 | Sewer    | Entered a sewer
  6525 | D:6      | Found a shimmering altar of Xom.
  6647 | D:6      | Found a white marble altar of Elyvilon.
  7264 | D:7      | Reached ** piety under Okawaru
  7305 | D:7      | Found a shadowy altar of Dithmenos.
  7325 | D:7      | Reached skill level 1 in Translocations
  7579 | D:7      | Noticed Maggie
  7623 | D:7      | Killed Maggie
  7624 | D:7      | Reached skill level 5 in Fighting
  7624 | D:7      | Reached skill level 7 in Ranged Weapons
  7624 | D:7      | Reached XP level 10. HP: 74/74 MP: 1/16
  8025 | D:7      | Found a radiant altar of Vehumet.
  8983 | D:8      | Noticed a two-headed ogre
  9013 | D:8      | Killed a two-headed ogre
  9014 | D:8      | Reached skill level 8 in Ranged Weapons
  9162 | D:8      | Reached *** piety under Okawaru
  9317 | D:8      | Reached skill level 5 in Invocations
  9330 | D:8      | Reached skill level 9 in Ranged Weapons
  9657 | D:8      | Reached **** piety under Okawaru
  9870 | D:8      | Reached XP level 11. HP: 46/83 MP: 13/17
 10016 | D:8      | Found a shimmering blue altar of Sif Muna.
 10620 | D:9      | Noticed Erolcha
 10631 | D:9      | Killed Erolcha
 10751 | D:9      | Reached skill level 10 in Ranged Weapons
 10854 | D:9      | Reached ***** piety under Okawaru
 11024 | D:9      | Found a staircase to the Orcish Mines.
 11211 | D:9      | Noticed Amaemon
 11242 | D:9      | Killed Amaemon
 11739 | D:9      | Found a glowing golden altar of the Shining One.
 11744 | D:9      | Found a sacrificial altar of Ru.
 11744 | D:9      | Found a hazy altar of Hepliaklqana.
 11757 | D:9      | Found a bloodstained altar of Trog.
 11760 | D:9      | Found a basalt altar of Yredelemnul.
 12020 | D:9      | Received a gift from Okawaru
 12175 | D:9      | Found a hide-covered altar of Uskayaw.
 12236 | D:9      | Found a stormy altar of Qazlal.
 12384 | D:10     | Entered Level 10 of the Dungeon
 12405 | D:10     | Identified the +4 dagger "Lofoam" {flame, rC++ Dex-5}
 12938 | D:10     | Noticed a sun demon
 12941 | D:10     | Reached skill level 11 in Ranged Weapons
 13023 | D:10     | Found a flagged portal.
 13028 | Bailey   | Entered a bailey
 13353 | Bailey   | Identified the +0 tower shield of Temperance {Str+6 Dex-5}
                  | (Okawaru gifted it to you in a bailey)
 13353 | Bailey   | Received a gift from Okawaru
 13368 | Bailey   | Reached XP level 12. HP: 43/94 MP: 18/18
 13561 | Bailey   | Noticed Prince Ribbit
 13561 | Bailey   | Noticed a vault guard
 13577 | Bailey   | Killed Prince Ribbit
 13621 | Bailey   | Killed a vault guard
 13622 | Bailey   | Reached skill level 1 in Shields
 13882 | Bailey   | Noticed a vault guard
 13954 | Bailey   | Killed a vault guard
 14145 | D:10     | Reached skill level 14 in Ranged Weapons
 14145 | D:10     | Reached XP level 13. HP: 100/100 MP: 19/19
 14146 | D:10     | Reached XP level 14. HP: 106/106 MP: 20/20
 14147 | D:10     | Reached XP level 15. HP: 112/112 MP: 24/24
 16786 | D:11     | Noticed Maurice
 16793 | D:11     | Killed Maurice
 16907 | D:11     | Identified the +9 battleaxe of Trauma {flame, Fragile MP+9
                  | Int+6 Stlth+}
 17326 | D:11     | Noticed Psyche
 17328 | D:11     | Killed Psyche
 17329 | D:11     | Reached skill level 15 in Ranged Weapons
 17546 | D:11     | Found the +18 shield of the Gong {rElec rN+ Will+ EV-5}
 17747 | D:11     | Found a staircase to the Lair.
 19005 | D:12     | Found a white marble altar of Elyvilon.
 19010 | D:12     | Reached skill level 10 in Fighting
 20263 | D:13     | a radroach changed into a ghost moth
 20263 | D:13     | Noticed a ghost moth (shapeshifter)
 20275 | D:13     | a ghost moth changed into a shapeshifter
 20754 | D:13     | Identified the +0 cloak of Resilience {rF++ rC+++}
 21003 | D:14     | Reached XP level 16. HP: 38/123 MP: 25/25
 21365 | D:13     | Reached skill level 16 in Ranged Weapons
 21489 | D:14     | Identified the +1 pair of gloves of Zishoic {rElec Int+2}
                  | (Okawaru gifted it to you on level 14 of the Dungeon)
 21489 | D:14     | Received a gift from Okawaru
 21829 | D:14     | Found a gate to the Vaults.
 22027 | D:14     | Found Gocashrud's Jewellery Shoppe.
 22600 | Lair:1   | Entered Level 1 of the Lair of Beasts
 23767 | Lair:2   | You fall into a shaft and drop 1 floor!
 23967 | Lair:3   | Found a staircase to the Swamp.
 24029 | Lair:3   | Reached skill level 17 in Ranged Weapons
 24645 | Lair:2   | Identified the +0 pair of gloves "Cinn" {rElec rPois Will++
                  | Str-2} (Okawaru gifted it to you on level 2 of the Lair of
                  | Beasts)
 24645 | Lair:2   | Received a gift from Okawaru
 24979 | Lair:2   | Found a hole to the Spider Nest.
 25982 | Lair:4   | Found a runed translucent gate.
 25982 | Lair:4   | Found a runed translucent gate.
 25982 | Lair:4   | Found a runed translucent gate.
 25984 | Lair:4   | Noticed Etreokin's ghost (journeyman KoEn)
 25987 | Lair:4   | Identified the +2 ring mail "Vofais" {*Slow rF++ rC+ Regen+
                  | SInv}
 26007 | Lair:4   | You fall into a shaft and drop 1 floor!
 26007 | Lair:5   | Entered Level 5 of the Lair of Beasts
 26038 | Lair:5   | Reached XP level 17. HP: 124/133 MP: 23/26
 26269 | Lair:5   | Noticed Sonja
 26272 | Lair:5   | Killed Sonja
 26290 | Lair:5   | Found a frozen archway.
 26301 | IceCv    | Entered an ice cave
 26510 | IceCv    | Identified a scroll of acquirement
 26511 | IceCv    | Acquired a +3 longbow of flaming
 26591 | IceCv    | Reached skill level 5 in Armour
 26742 | IceCv    | Reached skill level 15 in Shields
 26746 | IceCv    | Identified the +5 short sword of Impatience {holy, *Noise
                  | rPois Will+++ Int-2}
 26797 | IceCv    | Acquired a manual of Invocations
 26950 | Lair:5   | Noticed Nessos
 26959 | Lair:5   | Killed Nessos
 26960 | Lair:5   | Reached skill level 18 in Ranged Weapons
 26998 | Lair:5   | Noticed Rupert
 27008 | Lair:5   | Killed Rupert
 28003 | Lair:5   | Found a staircase to the Slime Pits.
 28698 | Lair:4   | You fall into a shaft and drop 1 floor!
 29037 | Lair:4   | Killed Etreokin's ghost
 29059 | Lair:4   | Identified the +9 long sword "Lemuam" {distort, +Blink
                  | Str+6}
 29215 | Orc:1    | Entered Level 1 of the Orcish Mines
 29604 | Orc:1    | Found a runed translucent door.
 29605 | Orc:1    | Noticed Gargoyl's ghost (journeyman GrBe)
 29653 | Orc:1    | Killed Gargoyl's ghost
 29660 | Orc:1    | Got the Spellbook of Teratogeny and Ectoplasm
 29666 | Orc:1    | Learned a level 2 spell: Wereblood
 29714 | Orc:2    | Entered Level 2 of the Orcish Mines
 29727 | Orc:2    | Found a staircase to the Elven Halls.
 30124 | Orc:1    | Received a gift from Okawaru
 30143 | Orc:1    | Reached skill level 1 in Transmutations
 30163 | Orc:1    | Reached XP level 18. HP: 101/143 MP: 27/27
 30809 | Orc:2    | Reached skill level 5 in Dodging
 31349 | Orc:2    | Found Leel's Antique Weapon Emporium.
 31349 | Orc:2    | Found Loazo's Assorted Antiques.
 31350 | Orc:2    | Found Xeklil's General Store.
 31350 | Orc:2    | Found Dompor's Book Emporium.
 31360 | Orc:2    | Bought Great Wizards, Vol. VII for 420 gold pieces
 31361 | Orc:2    | Bought a sapphire potion for 28 gold pieces
 31367 | Orc:2    | Learned a level 5 spell: Yara's Violent Unravelling
 31542 | Swamp:1  | Entered Level 1 of the Swamp
 31546 | Swamp:1  | Noticed Donald
 31807 | Swamp:1  | HP: 1/143 [Donald/+2 demon trident of venom (24)]
 31811 | Swamp:1  | Annihilated by Donald

Illustrated notes

Levels and vault maps discovered:
D:1:      dpeg_arrival_water_temple_mockup, layout_basic, minivault_11,
          minmay_misc_feat_plants
D:2:      layout_loops_ring, shapermc_ecumenical_altar_pompeii, uniq_natasha
D:3:      layout_basic, uniq_ijyb, uniq_robin
D:4:      layout_basic, mainiacjoe_overflow_divided_tiny
D:5:      kennysheep_windowed_halls, layout_layer_cave,
          mainiacjoe_overflow_concentric_impassable, uniq_edmund
D:6:      layout_loops_corners, old_standard_altar,
          mainiacjoe_overflow_alcove_1, minmay_temple_entry_slanted,
          gup_sewer_entry_bowl, uniq_duvessa
D:7:      layout_basic, vehumet_statue, nicolae_overflow_hidden_temple,
          uniq_maggie
D:8:      minmay_s_stair_smasher, layout_layer_cave, marbit_many_paths,
          hangedman_decor_points, palyth_stone_intersect,
          chequers_serial_rivers_micro_c
D:9:      layout_cave_pods, nicolae_overflow_crystal_walls,
          amcnicky_altar_gilded, minmay_overflow_temple_star_hex,
          hiddenorc1_lemuel, uniq_erolcha, uniq_amaemon
D:10:     minmay_quarter_circles, layout_layer_cave, enter_bailey_3
D:11:     layout_loops_ring, grunt_lair_entry_orc_guard_hut,
          hellmonk_guarded_unrand_gong, uniq_psyche, uniq_maurice
D:12:     layout_loops_ring, gauntlet_entry_generic, serial_bayou,
          serial_bayou_pond_d, serial_bayou_shore_a, serial_bayou_lake_a,
          serial_bayou_pond_c, minivault_27, minivault_16,
          kennysheep_cluttered_room, nicolae_elyvilon_temple_path
D:13:     layout_roguey
D:14:     layout_basic, skrybe_vaults_entry_preservation, minmay_misc_feat_x,
          serial_shops, shop
Lair:1:   layout_cave_pods, grunt_megastairs_2
Lair:2:   layout_long_grid, nicolae_spider_entry_non_spiders
Lair:3:   layout_regular_city, skrybe_swamp_entry_bodies, grunt_megastairs_3
Lair:4:   layout_loops_ring, gammafunk_ghost_hydra_chop, roderic_carrion_pond,
          infiniplex_staircase_pool_2, grunt_megastairs_4, lemuel_fruit_tree
Lair:5:   hangedman_lair_tendril_chambers, layout_regular_city,
          hangedman_lair_in_review, nicolae_slime_entry_slimehenge,
          portal_ice_cave_entry_pillars_1, uniq_sonja, uniq_rupert, uniq_nessos
Swamp:1:  layout_falls_marsh, evilmike_swamp_ruin_house_5, swamp_pool3,
          uniq_donald
Orc:1:    layout_caves, ebering_ghost_reflecting_pool, nicolae_orc_damp_corner,
          nicolae_orc_lava_room
Orc:2:    st_orc_pillars, layout_caves

Skill      XL: |  1  2  3  4  5  6  7  8  9 10 11 12 13 14 15 16 17 18 |
---------------+-------------------------------------------------------+-----
Hexes          | 4 5 6 7 8 9 |  9.0
Fire Magic     | 1 2 3 |  3.0
Ranged Weapons | 3 4 5 7 9 11 14 15 17 18 | 18.9
Armour         | 1 2 3 4 6 7 |  7.2
Spellcasting   | 2 3 4 |  4.0
Fighting       | 2 3 5 6 8 10 12 13 | 13.3
Invocations    | 3 5 8 12 13 | 13.0
Translocations | 1 3 |  3.0
Shields        | 2 11 12 14 15 16 | 16.0
Dodging        | 2 4 5 |  5.0
Transmutations | 1 3 |  3.3

Action                   |  1- 3 |  4- 6 |  7- 9 | 10-12 | 13-15 | 16-18 || total
-------------------------+-------+-------+-------+-------+-------+-------++-------
Melee: Dagger            |       |     3 |       |       |       |       ||     3
       Unarmed           |       |       |       |     9 |       |       ||     9
 Fire: Sling             |    52 |   229 |   340 |       |       |       ||   621
       Shortbow          |       |       |   188 |   530 |    56 |       ||   774
       Arbalest          |       |       |       |       |   376 |   515 ||   891
       Longbow           |       |       |       |       |       |   903 ||   903
Throw: Dart              |       |     5 |    13 |    12 |    13 |     1 ||    44
 Cast: Slow              |     3 |     7 |    27 |    25 |    28 |       ||    90
       Inner Flame       |       |     1 |    16 |    57 |    47 |    33 ||   154
       Cause Fear        |       |       |     3 |    16 |    22 |     6 ||    47
       Portal Projectile |       |       |     1 |    11 |    16 |    22 ||    50
Invok: Heroism           |       |       |       |     3 |     4 |    11 ||    18
       Finesse           |       |       |       |     1 |     1 |     5 ||     7
 Abil: Dig               |       |     1 |       |     1 |       |     7 ||     9
       Shaft Self        |       |       |       |       |       |     2 ||     2
Evoke: Wand              |       |       |       |       |     2 |       ||     2
       Phial of floods   |       |       |       |       |       |     1 ||     1
  Use: Scroll            |       |       |     8 |     3 |     2 |     7 ||    20
       Potion            |       |       |       |     7 |     4 |     6 ||    17
Armor: Robe              |     5 |       |       |       |       |       ||     5
       Leather armour    |     4 |    76 |   127 |    37 |    39 |    48 ||   331
       Steam dragon scal |       |       |       |    17 |       |       ||    17
       Skin              |       |       |       |    32 |       |       ||    32
       Acid dragon scale |       |       |       |       |       |    78 ||    78
Dodge: Dodged            |    15 |   107 |   228 |   188 |    78 |   111 ||   727
       Repelled          |       |     6 |     8 |     3 |     1 |       ||    18
Block: Kite shield       |       |       |       |       |   239 |  1076 ||  1315
       Tower shield      |       |       |       |       |     4 |       ||     4

Table legend: (Time is in decaauts)
 A = Elapsed time spent in this place.
 B = Non-inter-level travel time spent in this place.
 C = Inter-level travel time spent in this place.
 D = Time resting spent in this place.
 E = Time spent auto-exploring this place.
 F = Levels seen in this place.
 G = Mean time per level.
                   A        B        C        D        E       F      G
               +--------+--------+--------+--------+--------+-----+--------+
         Total |  32071 |  30758 |   1313 |   7273 |  17062 |  25 | 1282.8 |
       Dungeon |  21867 |  21014 |    853 |   5010 |  11910 |  14 | 1561.9 |
          Lair |   6329 |   6023 |    306 |    832 |   4059 |   5 | 1265.8 |
         Swamp |     46 |     46 |      0 |      3 |      0 |   1 |   46.0 |
  Orcish Mines |   2148 |   1995 |    153 |    695 |    879 |   2 | 1074.0 |
         Sewer |    132 |    132 |      0 |      0 |     88 |   1 |  132.0 |
        Bailey |   1063 |   1063 |      0 |    612 |    112 |   1 | 1063.0 |
      Ice Cave |    482 |    482 |      0 |    119 |     12 |   1 |  482.0 |
               +--------+--------+--------+--------+--------+-----+--------+

Top non-repeatable levels by time:
    D:10: 3011 daAuts
     D:8: 2497 daAuts
     D:5: 2196 daAuts
     D:9: 2137 daAuts
  Lair:5: 2002 daAuts
    D:11: 1851 daAuts
    D:13: 1461 daAuts
    D:12: 1439 daAuts
   Orc:1: 1396 daAuts
  Lair:3: 1379 daAuts
    D:14: 1309 daAuts
  Lair:1: 1184 daAuts
     D:6: 1169 daAuts
     D:4: 1148 daAuts
  Bailey: 1063 daAuts
